 Dungeon Crawl Stone Soup version 0.29.0-13-gc9e81de378 (webtiles) character file.

Game seed: 7864628378973058024

462726 iguanaiguana the Minotaur Cataclysm (level 23, -8/264 HPs)
             Began as a Minotaur Fighter on Sept 7, 2022.
             Was a High Priest of Qazlal.
             Killed from afar by a Hell Sentinel (36 damage)
             ... with damnation
             ... led by Gyame
             ... on level 1 of the Depths.
             The game lasted 01:37:13 (51758 turns).

iguanaiguana the Minotaur Cataclysm (MiFi)         Turns: 51758, Time: 01:37:14

Health: -8/264     AC: 42    Str: 37      XL:     23   Next: 10%
Magic:  0/33       EV: 10    Int:  6 (7)  God:    Qazlal [*****.]
Gold:   1759       SH: 33    Dex: 13      Spells: 22/22 levels left

rFire   + + +      SeeInvis .   b - +8 broad axe of Reason {vorpal, rElec rC+}
rCold   + + +      Faith    .   M - +5 tower shield
rNeg    + . .      Spirit   +   Z - +7 plate armour "Sykomaik" {+Inv Dex+4 Slay+2 Stlth+}
rPois   +          Reflect  .   (helmet unavailable)
rElec   +          Harm     .   d - +1 cloak {rCorr}
rCorr   +          Rampage  .   A - +2 pair of gloves of Omission {rF+ rN+}
Will    ++++.                   x - +2 pair of boots
Stlth   ..........              I - amulet of guardian spirit
HPRegen 0.54/turn               Q - ring of Ru's Anger {rPois Will+++ AC+4 Str+6 Int-2}
MPRegen 0.23/turn               u - ring of Omab {Drain rF+ rC++ Str+6}

@: mighty, protected from physical damage, studying 2 skills, repel missiles,
unable to read, unable to drink
A: horns 3, retaliatory headbutt, clever 1, clumsy 1, cold resistance 1,
deterioration 1, fire resistance 1, low MP 1, robust 2, weak 2, subdued magic 1,
inability to drink after injury 1, inability to read after injury 1, MP-powered
wands
0: Orb of Zot
}: 3/15 runes: barnacled, slimy, gossamer
a: Renounce Religion, Evoke Invisibility, Upheaval, Elemental Force, Disaster
Area


You were on level 1 of the Depths.
You worshipped Qazlal.
Qazlal was extremely pleased with you.
You visited 8 branches of the dungeon, and saw 44 of its levels.

You collected 4855 gold pieces.
You spent 3096 gold pieces at shops.

Inventory:

Hand Weapons
 b - the +8 broad axe of Reason (weapon) {vorpal, rElec rC+}
   (You acquired it on level 3 of the Lair of Beasts)

   It inflicts extra damage upon your enemies.
   rC:        It protects you from cold.
   rElec:     It insulates you from electricity.
Missiles
 h - 2 throwing nets
 z - a boomerang
 E - 3 javelins (quivered)
 U - a curare-tipped dart
Armour
 d - a +1 cloak of preservation (worn)
 w - a scarf of resistance
 x - a +2 pair of boots (worn)
 A - the +2 pair of gloves of Omission (worn) {rF+ rN+}
   (You found it on level 5 of the Pits of Slime)

   rF:        It protects you from fire.
   rN:        It protects you from negative energy.
 M - a +5 tower shield (worn)
 Z - the +7 plate armour "Sykomaik" (worn) {+Inv Dex+4 Slay+2 Stlth+}
   (You found it on level 5 of the Lair of Beasts)

   Dex:       It affects your dexterity (+4).
   Slay:      It affects your accuracy & damage with ranged weapons and melee
   (+2).
   +Inv:      It lets you turn invisible.
   Stlth:     It makes you more stealthy.
Jewellery
 c - the ring of Fomixide {Ice rN+++ Str+2 Dex-2 Slay-2}
   (You found it on level 4 of the Shoals)

   [ring of ice]

   It enhances your ice magic.
   Str:       It affects your strength (+2).
   Dex:       It affects your dexterity (-2).
   Slay:      It affects your accuracy & damage with ranged weapons and melee
   (-2).
   rF:        It makes you vulnerable to fire.
   rC:        It protects you from cold.
   rN:        It renders you almost immune to negative energy.
 j - a ring of see invisible
 u - the ring of Omab (right hand) {Drain rF+ rC++ Str+6}
   (You found it on level 5 of the Pits of Slime)

   [ring of protection from fire]

   Str:       It affects your strength (+6).
   rF:        It protects you from fire.
   rC:        It greatly protects you from cold.
   Drain:     It drains your maximum health when unequipped.
 C - a ring of resist corrosion
 I - an amulet of guardian spirit (around neck)
 Q - the ring of Ru's Anger (left hand) {rPois Will+++ AC+4 Str+6 Int-2}
   (You bought it in a shop on level 2 of the Orcish Mines)

   [ring of protection]

   AC:        It affects your AC (+4).
   Str:       It affects your strength (+6).
   Int:       It affects your intelligence (-2).
   rPois:     It protects you from poison.
   Will:      It greatly increases your willpower.
Wands
 r - a wand of acid (18) {@v1}
 v - a wand of digging (10) {@v3}
 y - a wand of iceblast (34) {@v2}
 N - a wand of paralysis (45)
Scrolls
 f - 21 scrolls of teleportation {@r3}
 o - 7 scrolls of poison
 p - 5 scrolls of vulnerability
 t - 6 scrolls of immolation
 H - 2 scrolls of silence
 R - 2 scrolls of torment
 T - 2 scrolls of fear
 W - 5 scrolls of fog
Potions
 g - a potion of cancellation
 i - 5 potions of flight
 l - 2 potions of curing {@q1}
 m - 3 potions of lignification
 q - 2 potions of resistance {@q5}
 B - 3 potions of berserk rage
 F - a potion of magic
 P - a potion of heal wounds {@q2}
 Y - a potion of might {@q3}
Miscellaneous
 S - a box of beasts
 X - a lightning rod (4/4)


   Skills:
 - Level 21.0 Fighting
 - Level 18.0 Axes
 - Level 16.0 Throwing
 + Level 18.5 Armour
 - Level 6.0 Dodging
 - Level 21.0 Shields
 - Level 22.0 Invocations
 - Level 8.0 Evocations


You had 22 spell levels left.
You didn't know any spells.
Your spell library was empty.

Dungeon Overview and Level Annotations

Branches:
Dungeon (15/15)            Temple (0/1) D:5            Lair (5/5) D:10
 Shoals (4/4) Lair:3       Spider (4/4) Lair:3        Slime (5/5) Lair:5
    Orc (2/2) D:11            Elf (0/3) Orc:2        Vaults (0/5) D:13
 Depths (4/4) D:15            Zot (5/5) Depths:4

Altars:
Elyvilon
Fedhas
Gozag
Kikubaaqudgha
Makhleb
Okawaru
Qazlal
Ru
Uskayaw
Wu Jian
Yredelemnul
The Shining One
Jiyva

Shops:
D:1 !   Orc:1 !   Orc:2 ?[=(

Portals:
Abyss: Depths:3 Depths:4

Annotations:
D:3 2 runed translucent doors, Zeldest's ghost, amateur NaNe
Lair:2 3 runed translucent doors, Kotami's ghost, journeyman OpFi
Spider:3 Roxanne
Spider:4 3 runed translucent doors, Lotaimix's ghost, adept HOFi
Depths:1 3 runed translucent doors, Till's ghost, veteran KoEE; xzight's ghost, legendary MiBe
Depths:3 1 runed translucent door, blackman's ghost, veteran DsWr
Zot:5 4 transporters, 1 exclusion


Innate Abilities, Weirdness & Mutations

You have a pair of large horns on your head.
You reflexively headbutt those who attack you in melee.
Your mind is acute. (Int +4, Str/Dex -1)
You are clumsy. (Dex -2)
Your flesh is cold resistant. (rC+)
Your body sometimes deteriorates upon taking damage.
Your flesh is heat resistant. (rF+)
Your magical capacity is low. (-10% MP)
You are very robust. (+20% HP)
You are very weak. (Str -4)
Your spells are a little easier to cast, but a little less powerful.
You occasionally lose the ability to drink potions when taking damage.
You occasionally lose the ability to read scrolls when taking damage.
You expend magic power (3 MP) to strengthen your wands.


Message History

* * * LOW HITPOINT WARNING * * *
You closely miss Vilu.
Vilu is severely wounded.
You slice the Hell Sentinel!! You carve Vilu like a ham!!!
Vilu is almost dead.
You hit the Hell Sentinel.
You hear a trumpeting!
You miss Vilu.
Vilu is almost dead.
You slice the neqoxec!!
You hit the Hell Sentinel but do no damage.
You slice Vilu!!
Vilu is almost dead.
You barely miss the neqoxec.
You hit the Hell Sentinel but do no damage.
Vilu hits you!!
* * * LOW HITPOINT WARNING * * *
Your body deteriorates!
You feel dopey. The Hell Sentinel hits you.
* * * LOW HITPOINT WARNING * * *
You slice Vilu!!
You kill Vilu!
You slash the neqoxec!
You kill the neqoxec!
You hit the Hell Sentinel.
Your box of beasts has recharged.
You barely miss the Hell Sentinel.
The Hell Sentinel is moderately wounded.
You hear a trumpeting!
You hit the Hell Sentinel.
The Hell Sentinel is moderately wounded.
You slice the Hell Sentinel like a ripe choko!!!
The Hell Sentinel is almost dead.
You slice the Hell Sentinel!!
You headbutt the Hell Sentinel, but do no damage.
The Hell Sentinel is almost dead.
The Hell Sentinel gestures at you.
The sphere of damnation explodes!
The damnation engulfs you!!!
You die...

**,**,*,,*,,,,**,**,,,,#....####§
,,,,+,,,**+*****,**,,*+*#........
,,,,*,,,*,,* *,*****,,#........
,,,,*,.,*,,#####+####*,,#........
,,,,*,,.####......≈..####........
,,,,*,,,.........§.....&...&.....
#*,**,,**#.≈#*#§.####..###...###.
##+#######.§###...###..###...###1
........≈..§§...@○○§.§......^.1..
.........≈§.§....1..≈≈§..........
##....#####+##.○#.○≈.§§§##.......
##....#**,,,*#..###+++####.......
.........,,,≈.≈##LWL....##.......
..........,≈...#"L4⌠_⌠?.:#.....##
##.....#..≈.##.###:#.#"####...##,
.....####..§,.##*###[###***...#,,
..#...*,,≈#,*≈,,,,,###,,,,,,,,**,


You could see a Hell Sentinel, an ancient lich, a dread lich, a lich, a rust
devil and Till's ghost.

Vanquished Creatures
  the Royal Jelly (Slime:5)
  4 dread liches (Zot:5)
  3 ancient liches (Zot:5)
  5 orbs of fire (Zot:5)
  2 pandemonium lords (Depths:1)
  2 Killer Klowns (Zot:5)
  Saint Roka (Orc:2)
  5 caustic shrikes (Depths:3)
  A curse toe (Zot:2)
  9 golden dragons
  A profane servitor (Depths:3)
  Arachne (Spider:2)
  A Tzitzimitl (Depths:4)
  A Brimstone Fiend (Depths:2)
  4 electric golems
  A hellephant (Depths:2)
  2 Ice Fiends (Zot:4)
  16 tentacled monstrosities
  A Hell Sentinel (Zot:4)
  28 Orb Guardians
  3 quicksilver dragons
  18 acid blobs
  2 Executioners
  8 death cobs
  2 shadow dragons
  12 storm dragons
  Polyphemus (Shoals:1)
  6 azure jellies
  A tengu reaver (D:11)
  Ilsuiw (Shoals:2)
  15 rockslimes
  3 fire giants
  10 draconian monks
  2 emperor scorpions (Spider:4)
  3 draconian knights (Zot:2)
  6 draconian scorchers
  A balrug (Zot:4)
  Aizul (Depths:1)
  4 frost giants
  Louise (Spider:3)
  3 draconian shifters
  8 ghost moths
  5 draconian stormcallers
  An iron dragon (Depths:1)
  4 draconian annihilators
  A demonspawn corrupter (Depths:2)
  4 broodmothers
  23 very ugly things
  8 quicksilver oozes
  A demonspawn blood saint (Depths:2)
  4 stone giants
  A vampire knight (Depths:4)
  Nessos (D:13)
  12 green draconians
  A lorocyproca (Depths:4)
  Azrael (Spider:3)
  9 white draconians
  12 red draconians
  12 black draconians
  5 yellow draconians
  15 purple draconians
  4 spark wasps
  6 entropy weavers
  Snorg (Lair:3)
  6 fire dragons
  6 merfolk javelineers
  5 ettins
  10 merfolk impalers
  7 ice dragons
  A vault guard (Depths:3)
  10 hydras
  2 great orbs of eyes
  7 boulder beetles
  4 ogre magi
  2 catoblepae
  3 radroaches
  2 jorogumos
  2 merfolk avatars
  An alligator snapping turtle (shapeshifter) (Depths:2)
  An alligator snapping turtle (Shoals:3)
  9 centaur warriors
  A satyr (Shoals:2)
  2 dancing weapons (D:13)
  A deep troll shaman (Depths:3)
  5 merfolk aquamancers
  3 deep troll earth magi
  3 tengu warriors
  16 two-headed ogres
  Urug (Orc:2)
  9 death yaks
  3 sun demons (Zot:4)
  2 iron trolls
  2 soul eaters
  7 hell knights
  Amaemon (Lair:1)
  3 sun moths
  A death drake (Depths:4)
  5 pharaoh ants
  11 steelbarb worms
  2 sixfirhies
  10 sea snakes
  5 orb spiders
  10 deep trolls
  2 glowing orange brains
  2 shadow demons
  Pikel (D:5)
  A lindwurm (Lair:5)
  A wizard (D:14)
  An orc knight (Orc:1)
  3 harpies (Shoals:4)
  2 necromancers (Depths:4)
  18 ugly things
  A deep elf pyromancer (D:13)
  An orc sorcerer (Orc:2)
  16 wolf spiders
  8 cyclopes
  12 manticores
  7 shining eyes
  A salamander (shapeshifter) (D:15)
  18 moths of wrath
  6 fauns
  5 merfolk sirens
  9 black mambas
  4 centaur zombies (D:10)
  3 molten gargoyles (Lair:5)
  A water nymph (shapeshifter) (Depths:2)
  A rust devil (Zot:4)
  9 torpor snails
  6 water nymphs
  6 cane toads
  2 smoke demons (Depths:4)
  An orange demon (Lair:1)
  A hellion (Depths:2)
  An unseen horror zombie (D:10)
  13 komodo dragons
  11 demonic crawlers
  A rime drake (Lair:1)
  2 unseen horrors
  An efreet (D:12)
  2 hellwings (Depths:4)
  A freezing wraith (D:15)
  2 tormentors
  A tengu conjurer (D:15)
  3 meliai (Spider:4)
  7 polar bears
  A hornet (D:9)
  11 trolls
  23 tarantellas
  29 merfolk
  74 slime creatures
  12 wind drakes
  A raiju (shapeshifter) (D:14)
  9 dream sheep
  7 snapping turtles
  23 blink frogs
  A small abomination (Depths:1)
  A centaur simulacrum (D:12)
  3 shadows
  A vampire (D:13)
  Sigmund (D:5)
  29 jumping spiders
  18 culicivoras
  12 water elementals
  2 wraiths
  28 yaks
  A human (shapeshifter) (D:13)
  5 basilisks
  5 wyverns
  A neqoxec (Depths:1)
  3 fire elementals (Spider:3)
  4 golden eyes (Slime:2)
  A steam dragon (Lair:5)
  Edmund (D:5)
  55 redbacks
  Menkaure (D:5)
  13 vampire mosquitoes
  2 chaos spawn
  2 wargs (Orc:2)
  23 water moccasins
  Duvessa (D:7)
  8 hell hounds
  An ice beast (D:5)
  21 orc warriors
  4 black bears
  13 wolves
  A black bear (shapeshifter) (D:14)
  23 ogres
  12 centaurs
  2 lemures (D:5)
  Blork the orc (D:6)
  2 kobold brigands
  13 bullfrogs
  8 scorpions
  A gnoll sergeant (D:9)
  Dowan (D:7)
  12 wights
  14 killer bees
  4 howler monkeys
  5 electric eels
  6 hounds
  A human zombie (D:10)
  5 lava snakes (Lair:5)
  3 jellies
  2 gnoll boudas
  12 orc priests
  5 iguanas
  21 orc wizards
  2 mummies (D:10)
  13 gnolls
  13 adders
  A shadow imp (D:6)
  An ufetubus (D:5)
  5 worms
  4 dart slugs
  70 orcs
  5 endoplasms
  3 giant cockroaches
  3 goblins (D:1)
  4 hobgoblins
  15 jackals
  15 kobolds
  2 quokkas
  2 ball pythons
  2 bats
  2 frilled lizards
  4 rats
  7 plants (Shoals:4)
1484 creatures vanquished.

Vanquished Creatures (collateral kills)
  Rupert (D:15)
  A draconian monk (Zot:5)
  A draconian scorcher (Zot:5)
  2 draconian stormcallers (Zot:4)
  A draconian shifter (Zot:4)
  A draconian annihilator (Zot:5)
  2 black draconians
  A red draconian (Zot:5)
  3 hydras
  A death yak (Lair:1)
  A moth of wrath (Zot:5)
  A komodo dragon (Lair:3)
  2 yaks (Lair:1)
  An orc warrior (Orc:2)
  6 wolves (Lair:3)
25 creatures vanquished.

Vanquished Creatures (others)
  A merfolk aquamancer (Shoals:4)
  A harpy (Shoals:4)
  A merfolk siren (Shoals:3)
  A wind drake (Shoals:3)
  A redback (Spider:3)
  An orc wizard (D:11)
  46 fungi
  106 plants
  8 tentacles (Shoals:3)
166 creatures vanquished.

Grand Total: 1675 creatures vanquished

Notes
Turn   | Place    | Note
-------+----------+-------------------------------------------
     0 | D:1      | iguanaiguana the Minotaur Fighter began the quest for the
                  | Orb.
     0 | D:1      | Reached XP level 1. HP: 19/19 MP: 0/0
   178 | D:1      | Found Duweqi Itat's Distillery.
   438 | D:1      | Reached XP level 2. HP: 27/27 MP: 1/1
  1029 | D:2      | Found a faded altar of an unknown god.
  1081 | D:2      | Reached XP level 3. HP: 33/33 MP: 2/2
  1669 | D:3      | Noticed a bullfrog
  1672 | D:3      | Killed a bullfrog
  1673 | D:3      | Reached XP level 4. HP: 34/41 MP: 3/3
  1696 | D:3      | Reached XP level 5. HP: 34/47 MP: 4/4
  2269 | D:3      | Found a large runed translucent door.
  2269 | D:3      | Found a large runed translucent door.
  2273 | D:3      | Noticed Zeldest's ghost (amateur NaNe)
  2285 | D:3      | Found a burning altar of Makhleb.
  2651 | D:3      | Found an ornate altar of the Wu Jian Council.
  2754 | D:3      | Reached skill level 5 in Axes
  3297 | D:4      | Noticed an ogre
  3303 | D:4      | Killed an ogre
  3304 | D:4      | Reached XP level 6. HP: 29/55 MP: 5/5
  3468 | D:4      | Found a stormy altar of Qazlal.
  3531 | D:4      | Reached skill level 5 in Fighting
  3531 | D:4      | Reached skill level 5 in Armour
  3531 | D:4      | Reached skill level 5 in Shields
  3898 | D:4      | Became a worshipper of Qazlal Stormbringer
  3920 | D:5      | Entered Level 5 of the Dungeon
  3920 | D:5      | Noticed an ice beast
  3924 | D:5      | Killed an ice beast
  3989 | D:5      | Reached XP level 7. HP: 54/61 MP: 6/6
  3996 | D:5      | Noticed Edmund
  4014 | D:5      | Killed Edmund
  4766 | D:4      | Reached * piety under Qazlal
  5162 | D:5      | Found a staircase to the Ecumenical Temple.
  5192 | D:5      | Reached XP level 8. HP: 25/70 MP: 7/7
  5483 | D:5      | Found a white marble altar of Elyvilon.
  5506 | D:5      | Noticed Pikel
  5513 | D:5      | Reached skill level 10 in Axes
  5513 | D:5      | Reached skill level 5 in Invocations
  5513 | D:5      | Reached XP level 9. HP: 74/81 MP: 7/12
  5525 | D:5      | Killed Pikel
  5535 | D:5      | Noticed Sigmund
  5767 | D:5      | Killed Sigmund
  5817 | D:5      | Noticed Menkaure
  5824 | D:5      | Killed Menkaure
  6003 | D:6      | Noticed Blork the orc
  6014 | D:6      | Killed Blork the orc
  6342 | D:6      | Found a basalt altar of Yredelemnul.
  6947 | D:7      | Found a sacrificial altar of Ru.
  6952 | D:7      | Identified the ring of the Garden {rC+ Will++ Str+6}
  6965 | D:7      | Noticed Dowan
  6968 | D:7      | Noticed Duvessa
  6980 | D:7      | Killed Dowan
  6984 | D:7      | Killed Duvessa
  7336 | D:7      | Reached ** piety under Qazlal
  7338 | D:7      | Identified the +2 ring mail of Atheism {Dex+4 SInv}
  7374 | D:7      | Reached XP level 10. HP: 69/91 MP: 13/13
  7565 | D:7      | Noticed a brown ugly thing
  7574 | D:7      | Killed a brown ugly thing
  8254 | D:7      | Found a blossoming altar of Fedhas.
  8543 | D:8      | Found a hide-covered altar of Uskayaw.
  8776 | D:8      | Found a glowing golden altar of the Shining One.
  9069 | D:9      | Reached skill level 6 in Invocations
  9751 | D:9      | Reached XP level 11. HP: 89/97 MP: 14/14
  9881 | D:9      | Found an iron altar of Okawaru.
 10422 | D:10     | Entered Level 10 of the Dungeon
 10425 | D:10     | Noticed a two-headed ogre
 10434 | D:10     | Killed a two-headed ogre
 10690 | D:10     | Reached *** piety under Qazlal
 10718 | D:10     | Found a staircase to the Lair.
 11384 | D:10     | Found an ancient bone altar of Kikubaaqudgha.
 11408 | D:10     | Reached skill level 7 in Invocations
 11447 | D:10     | Reached skill level 10 in Fighting
 11510 | D:10     | Reached skill level 5 in Throwing
 11729 | D:10     | Reached skill level 10 in Armour
 12120 | D:11     | Noticed a two-headed ogre
 12128 | D:11     | Killed a two-headed ogre
 12166 | D:11     | Found a white marble altar of Elyvilon.
 12173 | D:11     | Reached **** piety under Qazlal
 12575 | D:11     | Reached XP level 12. HP: 106/106 MP: 16/16
 12769 | D:11     | Reached skill level 5 in Evocations
 12785 | D:11     | Identified the +4 scale mail of an ice cave {Will+}
 13391 | D:11     | Found a staircase to the Orcish Mines.
 13471 | Lair:1   | Entered Level 1 of the Lair of Beasts
 13472 | Lair:1   | Noticed a death yak
 13478 | Lair:1   | Noticed a six-headed hydra
 13760 | Lair:1   | Reached skill level 8 in Invocations
 13787 | Lair:1   | Reached skill level 10 in Shields
 13798 | Lair:1   | Killed a death yak
 13940 | Lair:1   | Found an opulent altar of Gozag.
 14015 | Lair:1   | Noticed Amaemon
 14040 | Lair:1   | Killed a six-headed hydra
 14053 | Lair:1   | Killed Amaemon
 14621 | Lair:2   | Found a runed translucent gate.
 14626 | Lair:2   | Found a runed translucent gate.
 14626 | Lair:2   | Found a runed translucent gate.
 14729 | Lair:2   | Noticed a minotaur
 14744 | Lair:2   | Noticed Kotami's ghost (journeyman OpFi)
 15172 | Lair:2   | Reached skill level 9 in Invocations
 15768 | Lair:3   | Noticed Snorg
 15774 | Lair:3   | Killed Snorg
 15775 | Lair:3   | Reached XP level 13. HP: 111/116 MP: 16/18
 15945 | Lair:3   | Reached ***** piety under Qazlal
 16396 | Lair:3   | Found a staircase to the Shoals.
 16571 | Lair:3   | Found a hole to the Spider Nest.
 16686 | Lair:3   | Identified a scroll of acquirement
 16691 | Lair:3   | Acquired the +8 broad axe of Reason {vorpal, rElec rC+}
 17047 | Lair:3   | Reached skill level 10 in Invocations
 17738 | Lair:4   | Reached skill level 11 in Invocations
 18133 | Lair:5   | Entered Level 5 of the Lair of Beasts
 18522 | Lair:5   | Reached skill level 12 in Invocations
 18614 | Lair:5   | Identified the +7 plate armour "Sykomaik" {+Inv Dex+4
                  | Slay+2 Stlth+}
 18663 | Lair:5   | Found a staircase to the Slime Pits.
 18663 | Lair:5   | Found a viscous altar of Jiyva.
 18939 | Lair:5   | Found a large runed translucent door.
 18939 | Lair:5   | Found a large runed translucent door.
 18945 | Lair:5   | Reached skill level 13 in Invocations
 19014 | Lair:5   | Noticed a fire dragon
 19300 | Lair:4   | Reached XP level 14. HP: 42/124 MP: 9/23
 19638 | Lair:5   | Reached skill level 14 in Invocations
 20860 | Orc:1    | Entered Level 1 of the Orcish Mines
 21034 | Orc:2    | Entered Level 2 of the Orcish Mines
 21041 | Orc:2    | Noticed Urug
 21053 | Orc:2    | Killed Urug
 21225 | Orc:2    | Reached skill level 15 in Invocations
 21225 | Orc:2    | Reached skill level 15 in Axes
 21229 | Orc:2    | Found Wawin's Weapon Emporium.
 21457 | Orc:2    | Found Leiqeg's Jewellery Emporium.
 21460 | Orc:2    | Found a staircase to the Elven Halls.
 21462 | Orc:2    | Found Muhihau's Armour Shop.
 21469 | Orc:2    | Bought the ring of Ru's Anger {rPois Will+++ AC+4 Str+6
                  | Int-2} for 1086 gold pieces
 21478 | Orc:2    | Noticed Saint Roka
 21498 | Orc:2    | Killed Saint Roka
 21783 | Orc:2    | Found Vec Femm's Magic Scroll Shoppe.
 21786 | Orc:2    | Bought a +2 cloak for 231 gold pieces
 22106 | Orc:1    | You fall into a shaft and drop 1 floor!
 22118 | Orc:1    | Found Otutsemn's Distillery.
 22395 | Orc:2    | Bought 3 scrolls of summoning for 399 gold pieces
 22491 | D:12     | Noticed a tengu reaver
 22503 | D:12     | Noticed a stone giant
 22505 | D:11     | Killed a tengu reaver
 23030 | D:12     | Reached XP level 15. HP: 128/130 MP: 25/25
 23522 | D:13     | Reached skill level 1 in Dodging
 23592 | D:13     | Noticed Nessos
 23602 | D:13     | Killed Nessos
 23926 | D:13     | Found a gate to the Vaults.
 24416 | D:14     | Found an iron altar of Okawaru.
 25472 | D:15     | Entered Level 15 of the Dungeon
 25580 | D:15     | Identified the +10 short sword "Ruodiega" {antimagic, rN+
                  | rCorr Dex-5 Stlth+}
 25864 | D:15     | Noticed Rupert
 25888 | D:15     | Killed Rupert
 26491 | D:15     | Found a staircase to the Depths.
 27027 | Spider:1 | Entered Level 1 of the Spider Nest
 27055 | Spider:1 | Reached XP level 16. HP: 129/139 MP: 26/26
 27268 | Spider:1 | Reached ****** piety under Qazlal
 27452 | Spider:2 | Reached skill level 5 in Dodging
 27778 | Spider:3 | Noticed Arachne
 27804 | Spider:2 | Killed Arachne
 28007 | Spider:3 | Noticed Louise
 28025 | Spider:3 | Killed Louise
 28384 | Spider:2 | Upgraded the game from 0.29.0-11-gd7f09526c8 to
                  | 0.29.0-13-gc9e81de378
 28589 | Spider:3 | Noticed Azrael
 28599 | Spider:3 | Killed Azrael
 28696 | Spider:3 | Identified the +0 robe of the Arcane {MP+9 Dex+2 Slay+2}
 29154 | Spider:3 | Noticed Roxanne
 29296 | Spider:4 | Entered Level 4 of the Spider Nest
 30080 | Spider:4 | Reached skill level 16 in Invocations
 30080 | Spider:4 | Reached XP level 17. HP: 148/149 MP: 26/28
 30088 | Spider:4 | Reached skill level 15 in Shields
 30699 | Spider:4 | Got a gossamer rune of Zot
 30930 | Spider:4 | Found a runed translucent gate.
 30930 | Spider:4 | Found a runed translucent gate.
 30930 | Spider:4 | Noticed Lotaimix's ghost (adept HOFi)
 30931 | Spider:4 | Found a runed translucent gate.
 31051 | Spider:4 | Identified the +3 war axe of the Unspeakable One {drain,
                  | rElec Will+ Int+7 Dex-5}
 32810 | Shoals:1 | Entered Level 1 of the Shoals
 33749 | Shoals:2 | Noticed Polyphemus
 33768 | Shoals:1 | Killed Polyphemus
 34346 | Shoals:2 | Noticed Ilsuiw
 34360 | Shoals:2 | Reached skill level 10 in Throwing
 34719 | Shoals:2 | Killed Ilsuiw
 34727 | Shoals:2 | Acquired 958 gold pieces
 35005 | Shoals:2 | Identified the +10 short sword "Baiphoel" {holy, Dex+4}
 35603 | Shoals:3 | Reached XP level 18. HP: 114/160 MP: 29/29
 36125 | Shoals:4 | Entered Level 4 of the Shoals
 37044 | Shoals:4 | Identified the ring of Fomixide {Ice rN+++ Str+2 Dex-2
                  | Slay-2}
 37073 | Shoals:4 | Found an ornate altar of the Wu Jian Council.
 37101 | Shoals:4 | Identified the +3 short sword "Kuufos" {pain, rC+}
 37347 | Shoals:4 | Got a barnacled rune of Zot
 37761 | Orc:2    | Bought a ring of resist corrosion for 260 gold pieces
 37965 | Slime:1  | Entered Level 1 of the Pits of Slime
 37973 | Slime:1  | Gained mutation: Your spells are a little easier to cast,
                  | but a little less powerful. [a shining eye]
 37981 | Slime:1  | Gained mutation: Your body sometimes deteriorates upon
                  | taking damage. [a shining eye]
 37982 | Slime:1  | Gained mutation: Your body often deteriorates upon taking
                  | damage. [a shining eye]
 37984 | Slime:1  | Gained mutation: You occasionally lose the ability to drink
                  | potions when taking damage. [a shining eye]
 38104 | Slime:2  | Reached skill level 17 in Invocations
 38290 | Slime:3  | Reached skill level 15 in Fighting
 38303 | Slime:3  | Gained mutation: Your magical capacity is low. (-10% MP) [a
                  | shining eye]
 38309 | Slime:3  | Gained mutation: You are weak. (Str -2) [a shining eye]
 38311 | Slime:3  | Lost mutation: You are weak. (Str -2) [potion of mutation]
 38311 | Slime:3  | Lost mutation: Your spells are a little easier to cast, but
                  | a little less powerful. [potion of mutation]
 38311 | Slime:3  | Gained mutation: You have hidden genetic defects. [potion
                  | of mutation]
 38311 | Slime:3  | Gained mutation: Your flesh is cold resistant. (rC+)
                  | [potion of mutation]
 38311 | Slime:3  | Gained mutation: Your mind is acute. (Int +4, Str/Dex -1)
                  | [potion of mutation]
 38311 | Slime:3  | Gained mutation: You are robust. (+10% HP) [potion of
                  | mutation]
 38312 | Slime:3  | Lost mutation: Your body often deteriorates upon taking
                  | damage. [potion of mutation]
 38312 | Slime:3  | Lost mutation: Your flesh is cold resistant. (rC+) [potion
                  | of mutation]
 38312 | Slime:3  | Lost mutation: Your body sometimes deteriorates upon taking
                  | damage. [potion of mutation]
 38312 | Slime:3  | Gained mutation: You are partially covered in iridescent
                  | scales. (AC +2) [potion of mutation]
 38312 | Slime:3  | Gained mutation: You sometimes lose your temper in combat.
                  | [potion of mutation]
 38312 | Slime:3  | Lost mutation: You are robust. (+10% HP) [potion of
                  | mutation]
 38313 | Slime:3  | Lost mutation: You have hidden genetic defects. [potion of
                  | mutation]
 38313 | Slime:3  | Lost mutation: You occasionally lose the ability to drink
                  | potions when taking damage. [potion of mutation]
 38313 | Slime:3  | Gained mutation: You are occasionally teleported next to
                  | monsters. [potion of mutation]
 38313 | Slime:3  | Gained mutation: You have a somewhat thin skeletal
                  | structure. (Dex +2, Stealth+) [potion of mutation]
 38314 | Slime:3  | Lost mutation: You are occasionally teleported next to
                  | monsters. [potion of mutation]
 38314 | Slime:3  | Lost mutation: You are partially covered in iridescent
                  | scales. (AC +2) [potion of mutation]
 38314 | Slime:3  | Lost mutation: You have a somewhat thin skeletal structure.
                  | (Dex +2, Stealth+) [potion of mutation]
 38314 | Slime:3  | Gained mutation: You have hidden genetic potential. [potion
                  | of mutation]
 38315 | Slime:3  | Lost mutation: Your magical capacity is low. (-10% MP)
                  | [potion of mutation]
 38315 | Slime:3  | Lost mutation: You sometimes lose your temper in combat.
                  | [potion of mutation]
 38315 | Slime:3  | Lost mutation: Your mind is acute. (Int +4, Str/Dex -1)
                  | [potion of mutation]
 38315 | Slime:3  | Gained mutation: You are partially covered in large bone
                  | plates. (SH +4) [potion of mutation]
 38315 | Slime:3  | Gained mutation: Your flesh is heat resistant. (rF+)
                  | [potion of mutation]
 38315 | Slime:3  | Gained mutation: Your flesh is cold resistant. (rC+)
                  | [potion of mutation]
 38630 | Slime:5  | Entered Level 5 of the Pits of Slime
 38819 | Slime:5  | Noticed the Royal Jelly
 38827 | Slime:5  | Killed the Royal Jelly
 38828 | Slime:5  | Reached XP level 19. HP: 170/170 MP: 9/30
 38837 | Slime:5  | Gained mutation: You sometimes lose your temper in combat.
                  | [a shining eye]
 39110 | Slime:5  | Gained mutation: You do not regenerate when monsters are
                  | visible. [a shining eye]
 39120 | Slime:5  | Identified the ring of Omab {Drain rF+ rC++ Str+6}
 39121 | Slime:5  | Found the ring of the Tortoise {AC+8}
 39154 | Slime:5  | Identified the +5 dagger "Itiatupn" {vorpal, rElec Will++
                  | Dex-5 Stlth+}
 39213 | Slime:5  | Identified the +7 trident of Aptengom {vorpal, rN++}
 39222 | Slime:5  | Got a slimy rune of Zot
 39224 | Slime:5  | Identified the +2 pair of gloves of Omission {rF+ rN+}
 39267 | Slime:5  | Identified the +0 pair of boots of Hepliaklqana's Favour
                  | {MP+9 Int+4}
 39697 | D:1      | Bought a potion of curing for 42 gold pieces
 39697 | D:1      | Bought a potion of resistance for 140 gold pieces
 39697 | D:1      | Bought a potion of curing for 42 gold pieces
 39697 | D:1      | Bought a potion of heal wounds for 70 gold pieces
 39697 | D:1      | Bought a potion of mutation for 112 gold pieces
 39697 | D:1      | Bought a potion of curing for 42 gold pieces
 40037 | Orc:1    | Bought a potion of curing for 42 gold pieces
 40037 | Orc:1    | Bought a potion of curing for 42 gold pieces
 40037 | Orc:1    | Bought 2 potions of might for 112 gold pieces
 40037 | Orc:1    | Bought a potion of curing for 42 gold pieces
 40037 | Orc:1    | Bought a potion of curing for 42 gold pieces
 40037 | Orc:1    | Bought a potion of haste for 140 gold pieces
 40037 | Orc:1    | Bought a potion of mutation for 112 gold pieces
 40037 | Orc:1    | Bought a potion of haste for 140 gold pieces
 40037 | Orc:1    | Lost mutation: You do not regenerate when monsters are
                  | visible. [potion of mutation]
 40037 | Orc:1    | Lost mutation: You are partially covered in large bone
                  | plates. (SH +4) [potion of mutation]
 40037 | Orc:1    | Gained mutation: You passively dampen the noise of your
                  | surroundings. [potion of mutation]
 40037 | Orc:1    | Gained mutation: Your body sometimes deteriorates upon
                  | taking damage. [potion of mutation]
 40037 | Orc:1    | Gained mutation: You occasionally lose the ability to read
                  | scrolls when taking damage. [potion of mutation]
 40374 | D:1      | Lost mutation: You sometimes lose your temper in combat.
                  | [potion of mutation]
 40374 | D:1      | Lost mutation: You passively dampen the noise of your
                  | surroundings. [potion of mutation]
 40374 | D:1      | Lost mutation: You occasionally lose the ability to read
                  | scrolls when taking damage. [potion of mutation]
 40374 | D:1      | Gained mutation: You are clumsy. (Dex -2) [potion of
                  | mutation]
 40374 | D:1      | Gained mutation: You are robust. (+10% HP) [potion of
                  | mutation]
 40374 | D:1      | Gained mutation: Your mind is acute. (Int +4, Str/Dex -1)
                  | [potion of mutation]
 40374 | D:1      | Gained mutation: You have a pair of large horns on your
                  | head. [potion of mutation]
 40755 | Depths:1 | Entered Level 1 of the Depths
 41542 | Depths:1 | Found a runed translucent gate.
 41543 | Depths:1 | Found a runed translucent gate.
 41543 | Depths:1 | Found a runed translucent gate.
 41570 | Depths:1 | Found an ancient bone altar of Kikubaaqudgha.
 41570 | Depths:1 | Noticed Till's ghost (veteran KoEE)
 41571 | Depths:1 | Noticed an ancient lich
 41571 | Depths:1 | Noticed xzight's ghost (legendary MiBe)
 41572 | Depths:1 | Noticed a dread lich
 41600 | Depths:1 | Reached skill level 18 in Invocations
 41931 | Depths:3 | Found a one-way gate to the infinite horrors of the Abyss.
 42140 | Depths:3 | Reached skill level 19 in Invocations
 42149 | Depths:3 | Found a runed translucent door.
 42151 | Depths:3 | Noticed blackman's ghost (veteran DsWr)
 42166 | Depths:4 | Entered Level 4 of the Depths
 42167 | Depths:4 | Noticed a caustic shrike
 42171 | Depths:4 | Noticed a caustic shrike
 42171 | Depths:4 | Noticed a caustic shrike
 42172 | Depths:4 | Noticed a caustic shrike
 42173 | Depths:4 | Noticed a caustic shrike
 42186 | Depths:3 | Killed a caustic shrike
 42193 | Depths:3 | Killed a caustic shrike
 42196 | Depths:3 | Killed a caustic shrike
 42383 | Depths:3 | Killed a caustic shrike
 42388 | Depths:3 | Killed a caustic shrike
 42396 | Depths:3 | Gained mutation: You are very robust. (+20% HP) [hidden
                  | potential]
 42818 | Depths:4 | Reached skill level 20 in Invocations
 42940 | Depths:4 | Noticed a golden dragon
 42950 | Depths:4 | Killed a golden dragon
 43074 | Depths:4 | Noticed a golden dragon
 43086 | Depths:4 | Reached XP level 20. HP: 212/213 MP: 33/33
 43112 | Depths:4 | Killed a golden dragon
 43146 | Depths:4 | Reached skill level 21 in Invocations
 43170 | Depths:4 | Found the +8 storm bow {elec, penet}
 43173 | Depths:4 | Found a gate to the Realm of Zot.
 43486 | Zot:1    | Entered Level 1 of the Realm of Zot
 43529 | Depths:4 | Noticed a golden dragon
 43538 | Depths:4 | Killed a golden dragon
 43901 | Depths:4 | Noticed a golden dragon
 43918 | Depths:4 | Killed a golden dragon
 43919 | Depths:4 | Reached skill level 22 in Invocations
 44281 | Depths:4 | Reached skill level 15 in Armour
 44666 | Zot:2    | Gained mutation: You expend magic power (3 MP) to
                  | strengthen your wands. [hidden potential]
 44666 | Zot:2    | Lost mutation: You have hidden genetic potential. [hidden
                  | potential expressed]
 45467 | Zot:3    | Noticed a curse toe
 45467 | Zot:3    | Noticed a golden dragon
 45473 | Zot:2    | Killed a curse toe
 45487 | Zot:2    | Killed a golden dragon
 45893 | Zot:3    | Reached XP level 21. HP: 225/225 MP: 35/35
 47052 | Zot:5    | Entered Level 5 of the Realm of Zot
 47140 | Zot:5    | Noticed a golden dragon
 47151 | Zot:5    | Killed a golden dragon
 47459 | Zot:5    | Found a transporter.
 47480 | Zot:5    | Found a transporter.
 47494 | Zot:5    | Found a transporter.
 47583 | Zot:5    | Noticed a golden dragon
 47600 | Zot:5    | Killed a golden dragon
 48177 | Zot:5    | Found a transporter.
 48426 | Zot:5    | Noticed a dread lich
 48429 | Zot:5    | Paralysed by a dread lich for 4 turns
 48429 | Zot:5    | Noticed a Killer Klown
 48433 | Zot:5    | Noticed a dread lich
 49002 | Zot:5    | Noticed an orb of fire
 49003 | Zot:5    | Gained mutation: You occasionally lose the ability to drink
                  | potions when taking damage. [an orb of fire]
 49022 | Zot:5    | Gained mutation: You are weak. (Str -2) [an orb of fire]
 49026 | Zot:5    | Killed an orb of fire
 49145 | Zot:5    | Noticed an orb of fire
 49146 | Zot:5    | Gained mutation: You occasionally lose the ability to read
                  | scrolls when taking damage. [an orb of fire]
 49164 | Zot:5    | Killed an orb of fire
 49339 | Zot:5    | Killed a Killer Klown
 49356 | Zot:5    | Noticed a dread lich
 49363 | Zot:5    | Noticed a golden dragon
 49364 | Zot:5    | Killed a dread lich
 49368 | Zot:5    | Noticed a dread lich
 49370 | Zot:5    | Killed a golden dragon
 49379 | Zot:5    | Paralysed by a dread lich for 4 turns
 49393 | Zot:5    | Killed a dread lich
 49394 | Zot:5    | Reached XP level 22. HP: 175/240 MP: 30/36
 49457 | Zot:5    | Noticed an ancient lich
 49464 | Zot:5    | Killed an ancient lich
 49465 | Zot:5    | Reached skill level 15 in Throwing
 49626 | Zot:5    | Noticed an orb of fire
 49627 | Zot:5    | Gained mutation: Your magical capacity is low. (-10% MP)
                  | [an orb of fire]
 49635 | Zot:5    | Noticed an ancient lich
 49642 | Zot:5    | Killed an orb of fire
 49650 | Zot:5    | Killed an ancient lich
 49820 | Zot:5    | Noticed a dread lich
 49822 | Zot:5    | Noticed an orb of fire
 49822 | Zot:5    | Noticed an orb of fire
 49827 | Zot:5    | Gained mutation: You are very weak. (Str -4) [an orb of
                  | fire]
 49827 | Zot:5    | Noticed a Killer Klown
 49829 | Zot:5    | Noticed an ancient lich
 49877 | Zot:5    | Gained mutation: Your spells are a little easier to cast,
                  | but a little less powerful. [an orb of fire]
 49889 | Zot:5    | Killed an orb of fire
 49911 | Zot:5    | Killed an orb of fire
 49911 | Zot:5    | Killed a Killer Klown
 49911 | Zot:5    | Killed a dread lich
 49918 | Zot:5    | Killed an ancient lich
 49920 | Zot:5    | Paralysed by a dread lich for 3 turns
 49933 | Zot:5    | Killed a dread lich
 49941 | Zot:5    | Noticed a golden dragon
 49956 | Zot:5    | Killed a golden dragon
 50455 | Zot:5    | Got the Orb of Zot
 51234 | Depths:4 | Noticed Vallah the pandemonium lord
 51455 | Depths:1 | Noticed Gyame the pandemonium lord
 51487 | Depths:2 | Paralysed by accursed screaming for 1 turns
 51679 | Depths:1 | Noticed Aizul
 51690 | Depths:1 | Killed Aizul
 51711 | Depths:1 | Reached XP level 23. HP: 124/261 MP: 28/33
 51730 | Depths:1 | Killed Gyame the pandemonium lord
 51731 | Depths:1 | Noticed Vilu the pandemonium lord
 51754 | Depths:1 | Killed Vilu the pandemonium lord
 51758 | Depths:1 | Killed from afar by a Hell Sentinel

Illustrated notes

Levels and vault maps discovered:
D:1:      kennysheep_arrival_forest, layout_basic, serial_shops,
          nicolae_shop_advertising_works [nicolae_subvault_shop_adworks]
D:2:      layout_loops_ring, ebering_ecumenical_altar_hall
D:3:      layout_loops_ring, nzn_wu_jian_council_hall,
          nicolae_overflow_crystal_walls, ebering_ghost_disaster_area
D:4:      layout_loops_ring, mainiacjoe_overflow_alcove_2,
          nicolae_overflow_hidden_temple
D:5:      layout_rooms, minmay_temple_entry_proselytizer, minmay_ruined_shrine,
          uniq_pikel, uniq_sigmund, uniq_menkaure, uniq_edmund
D:6:      layout_gridville, old_standard_altar, uniq_blork_the_orc
D:7:      layout_basic, general_overflow_altar, hangedman_ru_absence,
          minmay_manual_mail, uniq_duvessa
D:8:      layout_basic, mainiacjoe_overflow_catwalk,
          mainiacjoe_overflow_tiny_flanked, grunt_ministairs_7
D:9:      layout_loops_ring, kennysheep_little_box, kennysheep_nub
D:10:     layout_stronghold, lemuel_mausoleum_altar_kikubaaqudgha,
          due_lair_maze_entry_diamond, minmay_door_square
D:11:     layout_basic, erik_orc_2, grunt_decor_fettered, elyvilon_altar_5
D:12:     minmay_strange_plus, layout_rooms, hangedman_decor_riveting
D:13:     layout_irregular_city, erik_vaults_1, uniq_nessos
D:14:     layout_irregular_city, serial_bayou_shore_a, okawaru_trees_1
D:15:     grunt_enter_depths_hoard, layout_basic,
          hangedman_abyss_or_decor_stagger, uniq_rupert
Lair:1:   layout_long_grid, basic_altar, uniq_amaemon
Lair:2:   layout_cave_pods, maelrawn_ghost_gauntlet_escape
Lair:3:   layout_cellular_growth, minmay_shoals_entry_hut,
          nicolae_spider_entry_non_spiders, uniq_snorg
Lair:4:   layout_hall_layers, enter_volcano_3, cheibrodos_lair_caveside_slide,
          grunt_megastairs_5
Lair:5:   cheibrodos_lair_end_hotspot, layout_gridlike, slime_entry_1,
          cheibrodos_lair_lostbears
Shoals:1: layout_shoals
Shoals:2: layout_shoals, nicolae_shoals_dead_sea_scrolls, uniq_ilsuiw,
          uniq_polyphemus
Shoals:3: layout_shoals
Shoals:4: shoals_end_hangedman, layout_shoals, lemuel_altar_in_water
Spider:1: layout_spider_delve
Spider:2: layout_spider_delve
Spider:3: layout_spider_delve, hangedman_spider_tarantella_strand, uniq_arachne,
          uniq_louise, uniq_roxanne, uniq_azrael
Spider:4: hellmonk_spider_rune_bug_friends, gammafunk_ghost_tricky_traps,
          spiders_nest_spider_trap
Slime:1:  layout_caves, uniq_donald
Slime:2:  layout_caves, cheibrodos_slime_lost_civilization_7
Slime:3:  layout_caves
Slime:4:  layout_caves
Slime:5
Orc:1:    layout_caves, serial_shops, shop
Orc:2:    st_orc_open, layout_caves, uniq_saint_roka, uniq_urug
Depths:1: layout_gridville, nicolae_kite_square_tiling_tiny,
          rand_demon_pan_entry_8, abyss_entry, grunt_hell_entry_dis_old,
          gammafunk_ghost_crypt, kennysheep_inner_square, uniq_aizul
Depths:2: hangedman_crystal_crosses_colossus [crystal_crosses_arms_four,
          crystal_crosses_arms_two, crystal_crosses_arms_one,
          crystal_crosses_arms_one], pan_entry, hell_entry, uniq_nikola,
          uniq_vv, uniq_grunn
Depths:3: grated_community_mu [grated_community_mu_vampire_home,
          grated_community_mu_giant_home, grated_community_mu_spellcaster_home,
          grated_community_mu_orcish_home, grated_community_mu_troll_home,
          grated_community_mu_taur_home, grated_community_mu_unbuilt_plot],
          layout_long_grid, abyss_entry_crystal, serial_shops, shop,
          rand_demon_pan_entry_9, hell_entry,
          muffindrake_ghost_three_little_ghosts, infiniplex_staircase_door_maze,
          uniq_mara
Depths:4: lemuel_castle_with_subvaults [lemuel_castle_interior_carwin_3],
          layout_gridville, enter_ziggurat_c, hell_entry, abyss_entry,
          minmay_misc_feat_pillars
Zot:1:    layout_onion_interference, grunt_megastairs_4
Zot:2:    layout_cathedral_of_symmetry, hangedman_spider_trapstep,
          grunt_megastairs_2
Zot:3:    kennysheep_ambush_hall, layout_cathedral_of_symmetry,
          grunt_ministairs_12, st_stairs_14
Zot:4:    lemuel_draconian_sentries, layout_gridlike
Zot:5:    layout_basic, st_stairs_10, nicolae_transporter_intersection

Skill      XL: |  1  2  3  4  5  6  7  8  9 10 11 12 13 14 15 16 17 18 19 20 21 22 23 |
---------------+----------------------------------------------------------------------+-----
Axes           | 3 4 5 6 7 10 11 12 13 14 17 18 | 18.0
Armour         | 4 5 6 7 8 9 10 11 12 13 14 15 16 18 | 18.5
Shields        | 4 5 6 7 8 9 11 13 14 16 18 19 20 21 | 21.0
Fighting       | 4 5 6 7 9 10 11 12 13 14 15 16 18 20 21 | 21.0
Throwing       | 3 4 5 6 7 8 10 11 12 14 16 | 16.0
Invocations    | 5 6 7 9 13 15 16 17 20 22 | 22.0
Evocations     | 3 4 5 7 8 |  8.0
Dodging        | 4 6 |  6.0

Action                   |  1- 3 |  4- 6 |  7- 9 | 10-12 | 13-15 | 16-18 | 19-21 | 22-24 || total
-------------------------+-------+-------+-------+-------+-------+-------+-------+-------++-------
Melee: War axe           |    58 |   111 |   230 |   530 |    40 |       |       |       ||   969
       Headbutt          |    12 |    11 |    48 |   129 |   163 |   238 |   319 |   115 ||  1035
       Whip              |       |       |       |    11 |       |       |       |       ||    11
       Broad axe         |       |       |       |       |   586 |  1010 |  1024 |   394 ||  3014
       Demon whip        |       |       |       |       |    48 |       |       |       ||    48
Throw: Throwing net      |       |       |       |     2 |     2 |       |       |       ||     4
       Dart              |       |       |       |     5 |     7 |       |       |       ||    12
       Boomerang         |       |       |       |    10 |    25 |    48 |    71 |     1 ||   155
       Javelin           |       |       |       |       |     1 |     2 |    17 |     5 ||    25
Invok: Upheaval          |       |       |       |     3 |       |     9 |     9 |     1 ||    22
       Elemental Force   |       |       |       |     1 |     4 |       |       |       ||     5
       Disaster Area     |       |       |       |       |     4 |     6 |     6 |     2 ||    18
Evoke: Wand              |       |       |       |     2 |     7 |       |     1 |     1 ||    11
       Box of beasts     |       |       |       |       |       |       |       |     1 ||     1
  Use: Potion            |       |     1 |     6 |     1 |     5 |     7 |    30 |    22 ||    72
       Scroll            |       |       |    11 |     6 |    20 |     4 |    12 |    13 ||    66
 Stab: Held in net/web   |       |       |       |     1 |       |     1 |       |       ||     2
       Paralysed         |       |       |       |       |     3 |       |       |       ||     3
       Distracted        |       |       |       |       |       |       |     2 |       ||     2
       Invisible         |       |       |       |       |       |       |     2 |       ||     2
Armor: Scale mail        |    31 |    48 |    90 |    78 |   315 |       |       |       ||   562
       Plate armour      |       |       |       |   157 |     4 |   435 |   499 |   125 ||  1220
       Skin              |       |       |       |       |       |       |       |    10 ||    10
Dodge: Dodged            |    23 |    42 |    70 |   101 |   145 |   205 |   198 |    63 ||   847
       Repelled          |       |       |       |     1 |     2 |     7 |    22 |     2 ||    34
Block: Buckler           |    16 |    22 |    78 |    58 |       |       |       |       ||   174
       Tower shield      |       |       |       |   481 |   900 |  1621 |  1263 |   451 ||  4716
       Reflection        |       |       |       |       |       |    66 |       |       ||    66
